 Dungeon Crawl Stone Soup version 0.31-a0-187-gba352fbbf7 (webtiles) character file.

Game seed: 10280527315734497221

196 runemasterragnar the Trooper (level 5, -7/44 HPs)
             Began as a Demonspawn Monk on June 22, 2023.
             Was a Believer of Dithmenos.
             Killed from afar by Ijyb (15 damage)
             ... with a bolt of dispelling energy
             ... on level 3 of the Dungeon.
             The game lasted 00:03:27 (2361 turns).

runemasterragnar the Trooper (Demonspawn Monk)      Turns: 2361, Time: 00:03:28

Health: -7/44      AC:  5    Str: 11 (13) XL:     5   Next: 46%
Magic:  5/5        EV: 12    Int: 11      God:    Dithmenos [**....]
Gold:   104        SH:  0    Dex: 16      Spells: 4/4 levels left

rFire   + . .        h - +1 dagger (drain)
rCold   . . .        (no shield)
rNeg    . . .        e - +0 leather armour {rF+}
rPois   .            (helmet restricted)
rElec   .            (no cloak)
rCorr   .            v - +0 pair of gloves
SInv    .            (no boots)
Will    .....        (no amulet)
Stlth   ++           (no ring)
HPRegen 0.27/turn    (no ring)
MPRegen 0.09/turn

%: no passive effects
@: wreathed by umbra
A: antennae 1, rugged brown scales 1, demonic guardian 1
a: Renounce Religion, Shadow Step


You were on level 3 of the Dungeon.
You worshipped Dithmenos.
Dithmenos was pleased with you.
You visited 1 branch of the dungeon, and saw 3 of its levels.

You collected 104 gold pieces.

Inventory:

Hand Weapons
 h - a +1 dagger of draining (weapon)
Missiles
 u - 5 boomerangs of dispersal
Armour
 a - a +0 robe
 c - an orb of light
 e - a +0 leather armour of fire resistance (worn)
 f - a +0 helmet
 v - a +0 pair of gloves (worn)
Scrolls
 d - 2 scrolls of identify {unknown}
 g - a scroll of poison {unknown}
 i - 3 scrolls of acquirement {unknown}
 j - a scroll of brand weapon {unknown}
 n - 3 scrolls of revelation {unknown}
 o - a scroll of silence {unknown}
 p - a scroll of noise {unknown}
 q - 3 scrolls of enchant weapon {unknown}
 t - 3 scrolls of teleportation {unknown}


   Skills:
 + Level 4.8 Fighting
 * Level 0.1 Short Blades
 + Level 0.1 Armour
 + Level 2.7 Dodging
 + Level 0.1 Stealth
 - Level 4.3 Unarmed Combat
 + Level 0.1 Invocations


You had 4 spell levels left.
You didn't know any spells.
Your spell library contained the following spells:

 Spells                   Type           Power      Damage    Failure   Level
 Kiss of Death            Conj/Necr      0%         2d5       43%         1
 Slow                     Hex            0%         N/A       43%         1
 Confusing Touch          Hex            0%         N/A       80%         3
 Vampiric Draining        Necr           0%         2d6       80%         3
 Dispel Undead            Necr           0%         3d6       99%         4


Dungeon Overview and Level Annotations

Branches:
Dungeon (3/15)

Altars:
Cheibriados
Dithmenos
Makhleb
Okawaru
Trog

Annotations:
D:3 Ijyb


Innate Abilities, Weirdness & Mutations

You have a pair of small antennae on your head.
You are partially covered in rugged brown scales. (AC +1, +3% HP)
A weak demonic guardian rushes to your aid.


Message History

Key pressed, stopping explore.
No target in view!
There is a stone staircase leading down here.
Ijyb the Twisted Goblin comes into view.
She is wielding a +0 club and carrying a wand of quicksilver (8).
Ijyb shouts!
Ijyb is nearby!
Ijyb is nearby!
A ball python comes into view.
You barely miss Ijyb.
Ijyb zaps a wand.
The bolt of dispelling energy hits you!
The ball python hisses angrily.
You closely miss Ijyb. Ijyb closely misses you.
You barely miss Ijyb. Ijyb misses you.
You barely miss Ijyb.
Ijyb screams, "No!
No, no, no, no!"
Ijyb closely misses you.
You hit Ijyb but do no damage. You drain Ijyb.
Ijyb is lightly wounded.
Ijyb barely misses you.
Okay, then.
Okay, then.
You hit Ijyb but do no damage. You drain Ijyb.
Ijyb is lightly wounded.
Ijyb barely misses you.
You closely miss Ijyb. Your punch misses Ijyb.
Ijyb is lightly wounded.
Ijyb barely misses you.
You hit Ijyb.
Ijyb is lightly wounded.
Ijyb zaps a wand.
The bolt of dispelling energy hits you!
You miss Ijyb.
Ijyb is lightly wounded.
Ijyb zaps a wand.
The bolt of dispelling energy hits you!
* * * LOW HITPOINT WARNING * * *
A demonic guardian appears!
The bolt of dispelling energy hits your shadow imp!
Your shadow imp dies!
Your shadow imp disappears in a puff of smoke!
It was a potion of magic.
Magic courses through your body.
Ijyb zaps a wand.
The bolt of dispelling energy hits you!
You die...

## ##.## )# #..#
#.# .# ##.# #.#
.#### #.###### #.#
>.).# #......# #.#
###.########.###.#
.##.)# #..##S#
..##)# ##.>#g#
#..#.#### ##.#@#
##......######.#.#
######......##.#ยง#
# ###.##....#.# #
#...##....# #
###.......# ######
##<.#.#.# ##...#
##..#...# .#...#
##..###..####


You could see Ijyb (very drained) and a ball python.

Vanquished Creatures
  Terence (D:3)
  3 adders
  2 worms (D:2)
  4 dart slugs
  4 orcs (D:3)
  3 endoplasms
  3 giant cockroaches (D:2)
  3 goblins
  5 hobgoblins
  6 jackals
  3 quokkas (D:2)
  7 ball pythons
  3 bats
  7 frilled lizards
  5 kobolds
  11 rats
70 creatures vanquished.

Vanquished Creatures (collateral kills)
  An orc priest (D:3)
  Jessica (D:3)
  An orc (D:3)
  A rat (D:3)
4 creatures vanquished.

Grand Total: 74 creatures vanquished

Notes
Turn   | Place    | Note
-------+----------+-------------------------------------------
     0 | D:1      | runemasterragnar the Demonspawn Monk began the quest for
                  | the Orb.
     0 | D:1      | Reached XP level 1. HP: 18/18 MP: 1/1
   239 | D:1      | Gained mutation: You are partially covered in rugged brown
                  | scales. (AC +1, +3% HP) [demonic ancestry]
   239 | D:1      | Reached XP level 2. HP: 18/24 MP: 2/2
   474 | D:1      | Gained mutation: A weak demonic guardian rushes to your
                  | aid. [demonic ancestry]
   474 | D:1      | Reached XP level 3. HP: 29/29 MP: 3/3
  1069 | D:2      | Found a bloodstained altar of Trog.
  1257 | D:2      | Gained mutation: You have a pair of small antennae on your
                  | head. [demonic ancestry]
  1257 | D:2      | Reached XP level 4. HP: 38/38 MP: 4/4
  1835 | D:3      | Noticed Terence
  1864 | D:3      | Killed Terence
  1865 | D:3      | Reached XP level 5. HP: 23/44 MP: 5/5
  1985 | D:3      | Noticed Jessica
  2008 | D:3      | Killed Jessica
  2114 | D:3      | Found a snail-covered altar of Cheibriados.
  2115 | D:3      | Found an iron altar of Okawaru.
  2126 | D:3      | Found a faded altar of an unknown god.
  2148 | D:3      | Prayed at the altar of an unknown god.
  2148 | D:3      | Became a worshipper of Dithmenos the Shadowed
  2148 | D:3      | Reached * piety under Dithmenos
  2148 | D:3      | Reached ** piety under Dithmenos
  2234 | D:3      | Found a burning altar of Makhleb.
  2348 | D:3      | Noticed Ijyb
  2361 | D:3      | Killed from afar by Ijyb

Illustrated notes

Levels and vault maps discovered:
D:1:      reono_arrival_mine, layout_basic, minmay_misc_feat_columns,
          minmay_strange_pillars, st_stairs_11
D:2:      layout_basic, basic_altar, minmay_tiny_reverse_x
D:3:      layout_rooms, tso_metal_star, nicolae_ru_path_of_blood,
          bloody_makhleb, chequers_temple_overflow_statue_of_worship,
          shapermc_ecumenical_altar_totnotflames, gammafunk_ghost_smash,
          uniq_jessica, uniq_ijyb, uniq_terence

Skill      XL: |  1  2  3  4 |
---------------+-------------+-----
Unarmed Combat | 3 4 |  4.3
Fighting       | 4 |  4.8
Short Blades   | |  0.1
Armour         | |  0.1
Dodging        | |  2.7
Stealth        | |  0.1
Invocations    | |  0.1

Action                     |  1- 3 |  4- 6 || total
---------------------------+-------+-------++-------
  Melee: Unarmed           |   137 |   101 ||   238
         Dagger            |       |    26 ||    26
    Use: Potion            |       |     8 ||     8
 Armour: Leather armour    |    24 |    34 ||    58
         Robe              |     2 |       ||     2
  Dodge: Dodged            |    81 |    82 ||   163

Table legend: (Time is in decaauts)
 A = Elapsed time spent in this place.
 B = Non-inter-level travel time spent in this place.
 C = Inter-level travel time spent in this place.
 D = Time resting spent in this place.
 E = Time spent auto-exploring this place.
 F = Levels seen in this place.
 G = Mean time per level.
                   A        B        C        D        E       F      G
               +--------+--------+--------+--------+--------+-----+--------+
         Total |   2345 |   2202 |    143 |      0 |   1666 |   3 |  781.7 |
       Dungeon |   2345 |   2202 |    143 |      0 |   1666 |   3 |  781.7 |
               +--------+--------+--------+--------+--------+-----+--------+

Top non-repeatable levels by time:
     D:2: 958 daAuts
     D:3: 712 daAuts
     D:1: 674 daAuts
